 Dungeon Crawl Stone Soup version 0.30-a0-918-g0ff054e9dc (webtiles) character file.

Game seed: 17531889275466410913

123 cforsyth the Trooper (level 5, -3/42 HPs)
             Began as a Human Fighter on Mar 21, 2023.
             Killed from afar by an orc wizard (8 damage)
             ... with a puff of flame
             ... on level 6 of the Dungeon.
             The game lasted 00:02:03 (1618 turns).

cforsyth the Trooper (Human Fighter)                Turns: 1618, Time: 00:02:04

Health: -3/42      AC:  8    Str: 18    XL:     5   Next: 29%
Magic:  5/5        EV:  9    Int:  8    God:
Gold:   140        SH:  0    Dex: 13    Spells: 4/4 levels left

rFire   . . .      SeeInvis .    a - +0 flail
rCold   . . .      Faith    .    c - +0 buckler
rNeg    . . .      Spirit   .    b - +0 scale mail
rPois   .          Reflect  .    (no helmet)
rElec   .          Rampage  .    g - +0 cloak
rCorr   .                        (no gloves)
Will    .....                    (no boots) Stlth
                                 (no amulet)
HPRegen 0.27/turn                (no ring)
MPRegen 0.09/turn                (no ring)

@: confused, brilliant, invisible
A: no striking features
a: no special abilities


You were on level 6 of the Dungeon.
You visited 1 branch of the dungeon, and saw 4 of its levels.

You collected 140 gold pieces.

Inventory:

Hand Weapons
 a - a +0 flail (weapon)
Armour
 b - a +0 scale mail (worn)
 c - a +0 buckler (worn)
 g - a +0 cloak (worn)
Jewellery
 n - a ring of resist corrosion
 q - a ring of positive energy
Scrolls
 h - 3 scrolls of identify {unknown}
 k - 2 scrolls of magic mapping {unknown}
 l - 2 scrolls of fear {unknown}
 p - a scroll of teleportation {unknown}
 r - a scroll of silence {unknown}
 t - a scroll of enchant armour {unknown}
Potions
 d - 2 potions of might
 e - a potion of curing
 f - a potion of heal wounds {unknown}
 i - a potion of flight {unknown}
 j - a potion of cancellation {unknown}
 m - a potion of magic
 o - 2 potions of brilliance


   Skills:
 + Level 3.8 Fighting
 + Level 3.0 Maces & Flails
 + Level 3.7 Armour
 + Level 3.7 Shields


You had 4 spell levels left.
You didn't know any spells.
Your spell library contained the following spells:

 Spells                   Type           Power      Damage    Failure   Level
 Beastly Appendage        Tmut           0%         N/A       87%         1
 Cigotuvi's Dreadful Rot  Necr/Pois/Air  0%         N/A       95%         2
 Poisonous Vapours        Pois/Air       0%         N/A       95%         2
 Wereblood                Tmut           0%         N/A       95%         2
 Mephitic Cloud           Conj/Pois/Air  0%         N/A       99%         3
 Portal Projectile        Hex/Tloc       0%         N/A       99%         3
 Spider Form              Tmut/Pois      0%         N/A       99%         3
 Tukima's Dance           Hex            0%         N/A       99%         3
 Blade Hands              Tmut           0%         N/A       100%        5


Dungeon Overview and Level Annotations

Branches:
Dungeon (3/15)

Altars:


Message History

* * * LOW HITPOINT WARNING * * *
Something hits you but does no damage.
You miss something. The orc closely misses you.
Something hits you but does no damage.
It was a potion of curing.
You feel better. The orc closely misses you.
Something hits you but does no damage.
It was a potion of brilliance.
You feel clever all of a sudden. The orc hits you with a +0 war axe.
* * * LOW HITPOINT WARNING * * *
Something hits you.
* * * LOW HITPOINT WARNING * * *
It was a potion of magic.
Magic courses through your body. You block the orc's attack.
Something hits you but does no damage.
It was a potion of invisibility.
You fade into invisibility!
You block the orc's attack.
You hear some strange, mumbled words.
You are confused.
Okay, then.
Unknown command.
You closely miss something. The orc barely misses you.
Something hits you but does no damage.
You closely miss something. The orc barely misses you.
Something hits you but does no damage. The orc barely misses you.
You hear some strange, mumbled words.
A magic dart appears from out of thin air!
The magic dart hits you!
* * * LOW HITPOINT WARNING * * *
Things that are here:
a +0 club; a +0 chain mail You're too confused to move!
You hear some strange, mumbled words.
You are more confused.
You bump into the rock wall.
The orc barely misses you.
You closely miss the orc. The orc barely misses you.
You hear some strange, mumbled words.
A puff of flame appears from out of thin air!
The puff of flame hits you!
You die...

## .## .. #.###
## ##.#..#.
#.##....#.#
#.....).#o#
#....{@#
###.#)###
...#.# ###†#.#
## #..#..>....
#.###.###.####.
## #.#.## #?#
#.###.## #$. #
#.#.#.# ###


You could see an orc (unable to see you).

Vanquished Creatures
  A scorpion (D:6)
  3 adders
  3 orcs (D:6)
  5 ball pythons
  3 bats
  2 endoplasms (D:2)
  A giant cockroach (D:1)
  5 goblins
  2 hobgoblins
  3 jackals (D:2)
  A quokka (D:2)
  A frilled lizard (D:1)
  3 kobolds
  2 rats (D:1)
35 creatures vanquished.

Notes
Turn   | Place    | Note
-------+----------+-------------------------------------------
     0 | D:1      | cforsyth the Human Fighter began the quest for the Orb.
     0 | D:1      | Reached XP level 1. HP: 18/18 MP: 1/1
   112 | D:1      | Reached XP level 2. HP: 24/24 MP: 2/2
   569 | D:2      | Reached XP level 3. HP: 29/29 MP: 3/3
  1414 | D:3      | Reached XP level 4. HP: 31/35 MP: 4/4
  1507 | D:3      | You fall into a shaft and drop 3 floors!
  1573 | D:6      | Noticed a scorpion
  1578 | D:6      | Killed a scorpion
  1579 | D:6      | Reached XP level 5. HP: 42/42 MP: 5/5
  1618 | D:6      | Killed from afar by an orc wizard

Illustrated notes

Levels and vault maps discovered:
D:1:      lightli_arrival_boilingwater, layout_basic, reono_crystal_passage
D:2:      layout_basic, minmay_misc_feat_hallway
D:3:      layout_loops_corners, mainiacjoe_overflow_24_doors,
          basic_ecumenical_altar
D:6:      layout_loops_ring, uniq_crazy_yiuf_cottage

Skill      XL: |  1  2  3  4 |
---------------+-------------+-----
Maces & Flails | 3 |  3.0
Fighting       | |  3.8
Armour         | |  3.7
Shields        | |  3.7

Action                     |  1- 3 |  4- 6 || total
---------------------------+-------+-------++-------
  Melee: Flail             |    93 |    42 ||   135
    Use: Potion            |       |     4 ||     4
 Armour: Scale mail        |    45 |    41 ||    86
  Dodge: Dodged            |    31 |    30 ||    61
  Block: Buckler           |    29 |    12 ||    41

Table legend: (Time is in decaauts)
 A = Elapsed time spent in this place.
 B = Non-inter-level travel time spent in this place.
 C = Inter-level travel time spent in this place.
 D = Time resting spent in this place.
 E = Time spent auto-exploring this place.
 F = Levels seen in this place.
 G = Mean time per level.
                   A        B        C        D        E       F      G
               +--------+--------+--------+--------+--------+-----+--------+
         Total |   1662 |   1597 |     65 |      0 |   1282 |   4 |  415.5 |
       Dungeon |   1662 |   1597 |     65 |      0 |   1282 |   4 |  415.5 |
               +--------+--------+--------+--------+--------+-----+--------+

Top non-repeatable levels by time:
     D:2: 720 daAuts
     D:1: 531 daAuts
     D:3: 287 daAuts
     D:6: 122 daAuts
